 Dungeon Crawl Stone Soup version 0.16.2-12-gd0ad4c3 (webtiles) character file.

452 faibistes the Cudgeler (level 7, 0/67 HPs)
             Began as an Ogre Warper on Dec 8, 2017.
             Was an Initiate of the Shining One.
             Slain by a giant frog (4 damage)
             ... on level 5 of the Dungeon.
             The game lasted 00:16:19 (5633 turns).

faibistes the Cudgeler (Ogre Warper)                Turns: 5633, Time: 00:16:19

Health: 0/67       AC:  5    Str: 17    XL:     7   Next: 5%
Magic:  11/17      EV: 15    Int: 14    God:    the Shining One [......]
Gold:   146        SH:  0    Dex:  9    Spells: 4 memorised, 6 levels left

rFire  . . .     SeeInvis .     a - +0 mace
rCold  . . .     Clarity  .     b - +0 robe
rNeg   . . .     SustAb   .     (shield restricted)
rPois  +         Gourm    .     (helmet restricted)
rElec  .         Spirit   .     q - +1 cloak
rCorr  .         Warding  .     (gloves unavailable)
rMut   .         Stasis   .     (boots unavailable)
MR     .....                    (no amulet)
Stlth  +.........               y - ring of poison resistance
                                k - +5 ring of evasion

@: not resistant to hostile enchantments, very unstealthy
A: unfitting armour, tough skin 1
a: Renounce Religion


You were on level 5 of the Dungeon.
You worshipped the Shining One.
The Shining One was noncommittal.
You were not hungry.

You visited 2 branches of the dungeon, and saw 7 of its levels.

You collected 146 gold pieces.

Inventory:

Hand weapons
 a - a +0 mace (weapon)
 C - a +2 mace of venom
Missiles
 e - 5 tomahawks of dispersal
 i - 137 stones (quivered)
 t - 4 large rocks
 w - 5 tomahawks
Armour
 b - a +0 robe (worn)
 q - a +1 cloak (worn)
Jewellery
 k - a +5 ring of evasion (left hand)
 y - a ring of poison resistance (right hand)
 D - an uncursed ring of fire
Magical devices
 z - a wand of cold (7)
 H - a wand of draining (5)
 M - a wand of flame (26)
Scrolls
 d - a scroll of blinking
 m - 6 scrolls of teleportation
 n - 2 scrolls of noise
 F - a scroll of recharging {unknown}
 I - 2 scrolls of enchant weapon {unknown}
 K - a scroll of remove curse {unknown}
Potions
 g - 3 potions of heal wounds
 h - a potion of cure mutation {unknown}
 l - 2 potions of curing {unknown}
 p - a potion of restore abilities
 r - 3 potions of cancellation
 s - a potion of resistance {unknown}
 x - 2 potions of brilliance {unknown}
 A - a potion of lignification {unknown}
 E - a potion of invisibility {unknown}
 G - a potion of flight {unknown}
 J - a potion of might {unknown}
Books
 c - a book of Spatial Translocations

   Spells                             Type                      Level
   a - Apportation                    Translocation                1
   b - Blink                          Translocation                2
   c - Shroud of Golubria             Charms/Translocation         2
   d - Portal Projectile              Translocation                3
   e - Teleport Other                 Translocation                3
   f - Passage of Golubria            Translocation                4
Comestibles
 f - a meat ration
 j - 2 beef jerkies
 v - a bread ration


   Skills:
 + Level 3.5 Fighting
 * Level 4.5 Maces & Flails
 * Level 3.6 Throwing
 + Level 1.4 Armour
 - Level 1.7 Dodging
 * Level 4.1 Spellcasting
 + Level 0.3 Charms
 * Level 3.4 Translocations
 * Level 0.4 Invocations
 * Level 0.3 Evocations


You had 6 spell levels left.
You knew the following spells:

 Your Spells              Type           Power        Failure   Level  Hunger
a - Apportation           Tloc           ##........   4%          1    None
b - Teleport Other        Tloc           ##......     14%         3    ###....
c - Shroud of Golubria    Chrm/Tloc      #.........   17%         2    ##.....
d - Blink                 Tloc           N/A          10%         2    ##.....


Dungeon Overview and Level Annotations

Branches:
Dungeon (6/15)             Temple (1/1) D:4

Altars:
Ashenzari
Cheibriados
Dithmenos
Elyvilon
Fedhas
Makhleb
Nemelex Xobeh
Okawaru
Qazlal
Sif Muna
Trog
Vehumet
Xom
Zin
The Shining One


Innate Abilities, Weirdness & Mutations

You are too large for most types of armour.
You have tough skin (AC +1).


Message History

Found 7 gold pieces.
You see here a smoky silvery potion.
The giant frog closely misses you.
The orc wizard hits you but does no damage.
The giant frog hits you!
* * * LOW HITPOINT WARNING * * *
Evoke which item? (* to show all) (? for menu, Esc to quit)
Zapping:
z - a wand of cold (will waste charges)
Press: ? - help, Shift-Dir - straight line, f - orc wizard
Aim: an orc wizard, wielding a dagger and wearing a robe The bolt of cold hits the giant frog.
The giant frog is almost dead.
The bolt of cold misses the orc wizard.
The bolt of cold hits the hound.
You kill the hound!
You have reached level 7!
The bolt of cold hits the plant.
The plant is lightly damaged.
Evoking this partially-identified wand wasted a few charges.
The giant frog hits you.
You die...

P. #.....# #.#
≈≈≈.#.....###.# .
♣≈P≈..........#
P♣P≈##..o######..
P≈♣≈....!........
P≈≈PP..o.........
PP≈≈PP†.g######..
.≈≈♣PP.oF######
#≈P≈PP≈..@....#
≈P≈PP........#
#..≈≈≈..........
...≈≈P.......###
##...$........
............#
.#######... ♣♣


You could see a giant frog, an orc wizard, 2 orcs and a goblin.

Vanquished Creatures
  A necrophage (D:5)
  The ghost of DEFE the Cutter, a weakling DEWr of Vehumet (D:3)
  A hound (D:5)
  2 iguanas (D:4)
  An orc priest (D:5)
  2 worker ants
  A gnoll (D:2)
  5 adders
  A shadow imp (D:5)
  A giant mite (D:3)
  2 worms
  An adder skeleton (D:4)
  3 giant geckos (D:2)
  12 orcs
  8 bats
  A bat skeleton (D:4)
  A bat zombie (D:5)
  7 hobgoblins
  A jackal (D:1)
  10 kobolds
  3 giant cockroaches
  A giant gecko zombie (D:5)
  7 giant newts
  11 goblins
  7 quokkas
  13 rats
104 creatures vanquished.

Vanquished Creatures (others)
  A giant gecko (D:4)
  A giant spore (D:4)
2 creatures vanquished.

Grand Total: 106 creatures vanquished

Notes
Turn   | Place    | Note
--------------------------------------------------------------
     0 | D:1      | faibistes, the Ogre Warper, began the quest for the Orb.
     0 | D:1      | Reached XP level 1. HP: 22/22 MP: 3/3
   404 | D:1      | Reached XP level 2. HP: 22/29 MP: 5/5
   411 | D:1      | Learned a level 2 spell: Blink
   414 | D:1      | Learned a level 2 spell: Shroud of Golubria
   575 | D:1      | Reached skill level 3 in Maces & Flails
  1066 | D:1      | Reached XP level 3. HP: 32/36 MP: 6/6
  1645 | D:2      | Reached skill level 1 in Armour
  1891 | D:2      | Reached XP level 4. HP: 36/45 MP: 8/8
  1896 | D:2      | Learned a level 3 spell: Teleport Other
  2082 | D:2      | Found a shadowy altar of Dithmenos.
  2550 | D:3      | Noticed DEFE's ghost (weakling DEWr)
  2551 | D:3      | Killed DEFE's ghost
  2551 | D:3      | Reached XP level 5. HP: 53/53 MP: 7/11
  3150 | D:3      | Found a snail-covered altar of Cheibriados.
  3450 | D:4      | Found a stormy altar of Qazlal.
  3773 | D:5      | Entered Level 5 of the Dungeon
  3890 | D:5      | Reached skill level 4 in Maces & Flails
  3890 | D:5      | Reached XP level 6. HP: 57/61 MP: 11/13
  3951 | D:5      | Noticed a necrophage
  3964 | D:5      | Killed a necrophage
  4142 | D:4      | Found a staircase to the Ecumenical Temple.
  4148 | Temple   | Entered the Ecumenical Temple
  4191 | Temple   | Became a worshipper of the Shining One
  4602 | D:4      | Found a burning altar of Makhleb.
  4722 | D:4      | Found a white marble altar of Elyvilon.
  4748 | D:4      | Found a radiant altar of Vehumet.
  4748 | D:4      | Found a deep blue altar of Sif Muna.
  4750 | D:4      | Found a stormy altar of Qazlal.
  5633 | D:5      | Reached XP level 7. HP: 4/67 MP: 11/17
  5633 | D:5      | Slain by a giant frog

Action                   |  1- 3 |  4- 6 |  7- 9 || total
-------------------------+-------+-------+-------++-------
Melee: Mace              |   144 |   330 |       ||   474
Throw: Stone             |    23 |    60 |       ||    83
       Large rock        |       |     1 |       ||     1
 Cast: Shroud of Golubri |     2 |    25 |       ||    27
       Blink             |       |     2 |       ||     2
Evoke: Wand              |       |       |     1 ||     1
  Use: Scroll            |     4 |     5 |       ||     9
 Stab: Sleeping          |       |     1 |       ||     1
  Eat: Chunk             |     3 |    13 |       ||    16
       Bread ration      |       |     1 |       ||     1
